 Dungeon Crawl Stone Soup version 0.21-a0-278-ga722497 (webtiles) character file.

1452 tidbits the Fighter (level 8, -10/78 HPs)
             Began as a Demigod Wanderer on Sept 21, 2017.
             Mangled by an orc warrior
             ... wielding a +0 mace
              (11 damage)
             ... on level 8 of the Dungeon.
             The game lasted 00:15:54 (2570 turns).

tidbits the Fighter (Demigod Wanderer)              Turns: 2570, Time: 00:15:55

Health: -10/78     AC: 12    Str: 17    XL:     8   Next: 23%
Magic:  0/12       EV:  6    Int: 17    God:
Gold:   274        SH:  0    Dex: 16    Spells: 9/9 levels left

rFire    . . .     SeeInvis .   d - +2 dagger
rCold    . . .     Gourm    .   (no shield)
rNeg     . . .     Faith    .   l - +0 plate armour
rPois    .         Spirit   +   (no helmet)
rElec    .         Reflect  .   (no cloak)
rCorr    .         Harm     .   (no gloves)
MR       .....                  (no boots)
Stlth    ..........             p - amulet of guardian spirit
HPRegen  0.23/turn              (no ring)
MPRegen  0.13/turn              (no ring)

@: no status effects
A: hooves 1, slimy green scales 1, high mp 1, subdued magic 1
a: no special abilities


You were on level 8 of the Dungeon.
You were not hungry.

You visited 1 branch of the dungeon, and saw 9 of its levels.

You collected 274 gold pieces.

Inventory:

Hand Weapons
 d - a +2 dagger (weapon)
 s - a +0 hunting sling
 u - a +0 hand axe
 x - a cursed -2 flail
 B - a +0 long sword
 I - a +0 shortbow
Missiles
 g - 49 stones (quivered)
 i - 29 bolts
 k - 9 poisoned needles
 t - 56 sling bullets
 v - 84 arrows
Armour
 e - a +0 robe
 l - a +0 plate armour (worn)
 o - a +0 ring mail
 w - a +0 scale mail
 N - a +0 leather armour of magic resistance
   (You found it on level 8 of the Dungeon)
Jewellery
 p - an amulet of guardian spirit (around neck)
   (You found it on level 4 of the Dungeon)
 L - an uncursed ring of ice
   (You found it on level 6 of the Dungeon)
Wands
 C - a wand of enslavement (5/24)
 M - a wand of scattershot (0/9)
Scrolls
 b - 2 scrolls of fear
 h - 2 scrolls of magic mapping
 j - a scroll of recharging {unknown}
 m - 2 scrolls of teleportation
 n - a scroll of enchant armour {unknown}
 r - a scroll of remove curse
 y - 2 scrolls of fog {unknown}
Potions
 a - a potion of curing
 z - a potion of might
 A - a potion of magic
 D - a potion of ambrosia {unknown}
 E - a potion of berserk rage {unknown}
 F - a potion of heal wounds
 G - 2 potions of haste
 H - 2 potions of lignification {unknown}
Books
 c - Sif Muna's Volume of Cold

   Spells                             Type                      Level
   a - Throw Frost                    Conjuration/Ice              2
   b - Ensorcelled Hibernation        Hexes/Ice                    2
 q - a book of Geomancy
   (You found it on level 6 of the Dungeon)

   Spells                             Type                      Level
   a - Sandblast                      Earth                        1
   b - Passwall                       Transmutation/Earth          2
   c - Stone Arrow                    Conjuration/Earth            3
   d - Petrify                        Transmutation/Earth          4
   e - Lee's Rapid Deconstruction     Earth                        5
Comestibles
 f - 6 bread rations
 J - a meat ration
 K - 2 chunks of flesh


   Skills:
 + Level 9.0 Fighting
 - Level 1.0 Axes
 - Level 3.7 Dodging
 - Level 1.7 Stealth
 - Level 1.0 Spellcasting
   Level 2.6 Fire Magic
   Level 1.0 Earth Magic


You had 9 spell levels left.
You didn't know any spells.

Dungeon Overview and Level Annotations

Branches:
Dungeon (9/15)             Temple (0/1) D:4
   Lair: D:8-11         Orc: D:9-12

Shops:
D:5 =

Annotations:
D:7 Blork the orc


Innate Abilities, Weirdness & Mutations

You have an increased reservoir of magic. (+10% MP)
You have large cloven feet.
You are partially covered in slimy green scales. (AC +2)
Your spells are a little easier to cast, but a little less powerful.


Message History

You hit the ogre.
You kill the ogre!
Your Fighting skill increases to level 9!
An orc warrior comes into view. It is wielding a mace.
An orc comes into view. It is wielding a club.
There is a stone staircase leading up here.
The orc shouts!
The orc hits you with an enchanted flail.
You climb upwards.
There is a stone staircase leading down here.
Your plate armour prevents you from hitting the orc.
The orc hits you but does no damage.
You closely miss the orc. You kick the orc.
The orc is almost dead.
The orc barely misses you.
You hit the orc.
You kill the orc!
Things that are here:
an enchanted flail; an orc corpse
Things that are here:
an enchanted flail; an orc corpse You butcher the orc corpse.
K - 4 chunks of flesh (gained 2)
Things that are here:
an enchanted flail; an orc skeleton
There is a stone staircase leading down here.
There is a stone staircase leading down here.
You climb downwards.
The orc shouts!
There is a stone staircase leading up here.
The orc warrior hits you but does no damage.
The orc hits you but does no damage.
You climb upwards.
Some of the chunks of flesh in your inventory have rotted away.
There is a stone staircase leading down here.
The orc priest mumbles some strange prayers to Beogh against you.
Beogh smites you!
The orc priest mumbles some strange prayers to Beogh against you.
Pain shoots through your body!
* * * LOW HITPOINT WARNING * * *
There is an open door here.
Evoke which item? (* to show all) (? for menu, Esc to quit)
Aiming: Scattershot (will waste charges)
Press: ? - help, Shift-Dir - straight line, f - orc warrior
Aim: an orc warrior, wielding a mace and wearing a plate armour The burst of metal fragments hits the orc warrior. x4
The orc warrior is moderately wounded.
Evoking this partially-identified wand wasted a few charges.
The orc warrior barely misses you.
You hit the orc warrior but do no damage.
The orc warrior is moderately wounded.
The orc warrior hits you but does no damage.
You hit the orc warrior but do no damage.
Your kick misses the orc warrior.
The orc warrior is moderately wounded.
The orc warrior hits you but does no damage.
You hit the orc warrior but do no damage.
The orc warrior is moderately wounded.
You hit the orc warrior but do no damage.
You kick the orc warrior, but do no damage.
The orc warrior is moderately wounded.
The orc warrior hits you with a mace!
* * * LOW HITPOINT WARNING * * *
You hit the orc warrior.
The orc warrior is moderately wounded.
The orc warrior hits you with a mace!
* * * LOW HITPOINT WARNING * * *
You hit the orc warrior.
The orc warrior is moderately wounded.
The orc priest hits you but does no damage.
The orc warrior hits you with a mace!
* * * LOW HITPOINT WARNING * * *
There is an open door here.
You closely miss the orc priest. Your kick misses the orc priest.
The orc priest hits you with a short sword.
* * * LOW HITPOINT WARNING * * *
The orc warrior hits you with a mace.
* * * LOW HITPOINT WARNING * * *
You hit the orc priest but do no damage.
The orc priest barely misses you. The orc warrior hits you with a mace!
* * * LOW HITPOINT WARNING * * *
You hit the orc priest.
The orc priest is lightly wounded.
The orc priest hits you with a short sword.
* * * LOW HITPOINT WARNING * * *
You hit the orc priest but do no damage.
The orc priest is lightly wounded.
The orc warrior hits you but does no damage.
The orc priest hits you but does no damage.
Your plate armour prevents you from hitting the orc priest.
You kick the orc priest, but do no damage.
The orc priest is lightly wounded.
The orc priest barely misses you. The orc warrior hits you with a mace.
* * * LOW HITPOINT WARNING * * *
You hit the orc priest.
You kick the orc priest, but do no damage.
The orc priest is moderately wounded.
The orc priest hits you but does no damage.
The orc warrior hits you with a mace!
You die...

#...............................
##...[...........................
.#......##'############'####.....
.#......#............'.....#.....
.#......#............#.....#.....
.#......#..........†<#.....#.....
.#......################...#.....
.##'#......###..##...###...######
....#......'...o@.....#..........
....+......#....#o....#..........
..).#......#....#.....#..........
....#......#....#.....#..........
.##.#......#######..####..####.##
###.###........###..####..####'##
#....#........#.................
#....#........#.....>...........
#....'.†......#....)............


You could see an orc warrior and an orc priest.

Vanquished Creatures
  Grinder (D:4)
  Menkaure (D:6)
  A hungry ghost (D:6)
  A black bear (D:5)
  2 ogres
  2 centaurs
  A bullfrog (D:6)
  2 hounds
  An orc wizard (D:3)
  A jelly (D:8)
  Terence (D:2)
  4 worker ants
  4 adders
  A shadow imp (D:5)
  2 worms
  4 dart slugs
  2 leopard geckos
  6 orcs
  4 giant cockroaches
  5 goblins
  2 hobgoblins
  9 jackals
  5 bats
  3 frilled lizards
  A jackal zombie (D:5)
  3 kobolds
  A leopard gecko skeleton (D:4)
  A quokka zombie (D:8)
  9 rats
80 creatures vanquished.

Vanquished Creatures (collateral kills)
  An ice beast (D:6)
  An ogre (D:5)
  A water moccasin zombie (D:6)
  A crimson imp (D:5)
  An adder (D:5)
5 creatures vanquished.

Grand Total: 85 creatures vanquished

Notes
Turn   | Place    | Note
-------+----------+-------------------------------------------
     0 | D:1      | tidbits the Demigod Wanderer began the quest for the Orb.
     0 | D:1      | tidbits set off with: a +2 dagger, a scroll of fear, Sif Muna's Volume of Cold, a potion of curing, a +0 robe, a bread ration
     0 | D:1      | Reached XP level 1. HP: 17/17 MP: 4/4
     0 | D:1      | Identified Sif Muna's Volume of Cold
   107 | D:1      | Reached skill level 2 in Fighting
   312 | D:1      | Reached XP level 2. HP: 19/25 MP: 5/5
   363 | D:2      | Reached skill level 3 in Fighting
   494 | D:1      | Reached XP level 3. HP: 24/31 MP: 6/6
   813 | D:2      | Noticed Terence
   819 | D:2      | Gained mutation: Your spells are a little easier to cast, but a little less powerful. [potion of mutation]
   819 | D:2      | Gained mutation: You have large cloven feet. [potion of mutation]
   819 | D:2      | Gained mutation: You are partially covered in slimy green scales. (AC +2) [potion of mutation]
   832 | D:2      | Killed Terence
   832 | D:2      | Reached skill level 4 in Fighting
   843 | D:2      | Reached XP level 4. HP: 21/40 MP: 8/8
   925 | D:3      | Reached skill level 1 in Dodging
  1179 | D:4      | Found a staircase to the Ecumenical Temple.
  1244 | D:4      | Reached XP level 5. HP: 31/47 MP: 9/9
  1267 | D:4      | Reached skill level 2 in Dodging
  1270 | D:4      | Noticed an ogre
  1277 | D:4      | Killed an ogre
  1290 | D:4      | Noticed Grinder
  1296 | D:4      | HP: 1/47 [Grinder (6)]
  1301 | D:4      | Killed Grinder
  1301 | D:4      | Reached skill level 5 in Fighting
  1301 | D:4      | Reached skill level 3 in Dodging
  1301 | D:4      | Reached XP level 6. HP: 1/56 MP: 0/10
  1402 | D:5      | Entered Level 5 of the Dungeon
  1485 | D:6      | Noticed Blork the orc
  1606 | D:6      | Noticed a hungry ghost
  1629 | D:6      | Killed a hungry ghost
  1629 | D:6      | Reached skill level 6 in Fighting
  1635 | D:5      | Found Emeaziq's Jewellery Emporium.
  1654 | D:5      | Reached XP level 7. HP: 61/63 MP: 9/11
  1881 | D:5      | Reached skill level 7 in Fighting
  1928 | D:5      | Found an opulent altar of Gozag.
  2057 | D:6      | Noticed Menkaure
  2071 | D:6      | Killed Menkaure
  2091 | D:6      | Reached skill level 8 in Fighting
  2098 | D:6      | HP: 4/68 [ice beast (5)]
  2130 | D:6      | Reached XP level 8. HP: 10/75 MP: 3/12
  2139 | D:6      | HP: 7/75 [poisoned by a worker ant]
  2146 | D:6      | HP: 7/75 [poisoned by a worker ant]
  2154 | D:6      | HP: 7/75 [poisoned by a worker ant]
  2164 | D:6      | HP: 7/75 [bullfrog (1)]
  2167 | D:6      | HP: 3/75 [bullfrog (2)]
  2526 | D:9      | Reached skill level 9 in Fighting
  2566 | D:8      | HP: 3/78 [orc warrior/mace (6)]
  2569 | D:8      | HP: 1/78 [orc warrior/mace (2)]
  2570 | D:8      | Mangled by an orc warrior

Vault maps used:
D:1:      dpeg_arrival_stone_temple_mockup, serial_bayou_pond_a, st_stairs_6,
          grunt_decor_one_mirror
D:2:      chequers_ecumenical_altar_simple, grunt_ministairs_9, uniq_terence
D:3:      kennysheep_goblin_castle, uniq_crazy_yiuf_cottage
D:4:      minmay_temple_entry_large_hall, uniq_grinder
D:5:      grunt_gozag_statues, first_bread, serial_shops, shop
D:6:      uniq_blork_the_orc, uniq_menkaure, uniq_prince_ribbit1, uniq_eustachio
D:7:      the_bakery, fedhas_altar_fruit_tree
D:8:      uniq_maurice
D:9:      grunt_qazlal_sundering

Skill      XL: |  1  2  3  4  5  6  7  8 |
---------------+-------------------------+-----
Fighting       | 2 3 4 5 6 8 9 |  9.0
Dodging        | 1 3 |  3.7
Axes           | |  1.0
Stealth        | |  1.7
Spellcasting   | |  1.0
Fire Magic     | |  2.6
Earth Magic    | |  1.0

Action                   |  1- 3 |  4- 6 |  7- 9 || total
-------------------------+-------+-------+-------++-------
Melee: Dagger            |   171 |   154 |   170 ||   495
       Kick              |     9 |    59 |    68 ||   136
 Fire: Hunting sling     |     4 |       |       ||     4
Evoke: Wand              |       |     3 |     9 ||    12
  Use: Potion            |     1 |     7 |     1 ||     9
       Scroll            |       |     6 |     1 ||     7
  Eat: Chunk             |       |     2 |     1 ||     3
       Royal jelly       |       |     1 |     2 ||     3
Armor: Plate armour      |   145 |    88 |   153 ||   386
       Robe              |     1 |       |       ||     1
Dodge: Dodged            |    39 |    38 |    66 ||   143

Table legend:
 A = Spawn XP
 B = Non-spawn XP
 C = Spawn XP percentage of total XP
 D = Spawn monster count
 E = Non-spawn monster count
 F = Spawn count percentage of total count
 G = Total turns spent on level
                    A         B        C        D         E        F      G
               +---------+---------+-------+---------+---------+-------+---------
         Total |       0 |    2075 |   0.0 |       0 |      85 |   0.0 |  2570
               +---------+---------+-------+---------+---------+-------+---------
           D:1 |       0 |      31 |   0.0 |       0 |      18 |   0.0 |   502
           D:2 |       0 |     103 |   0.0 |       0 |      22 |   0.0 |   366
           D:3 |       0 |      50 |   0.0 |       0 |       5 |   0.0 |   191
           D:4 |       0 |     494 |   0.0 |       0 |       8 |   0.0 |   348
           D:5 |       0 |     397 |   0.0 |       0 |      10 |   0.0 |   413
           D:6 |       0 |     754 |   0.0 |       0 |      11 |   0.0 |   312
           D:7 |       0 |       6 |   0.0 |       0 |       3 |   0.0 |   189
           D:8 |       0 |     124 |   0.0 |       0 |       7 |   0.0 |   236
           D:9 |       0 |     116 |   0.0 |       0 |       1 |   0.0 |    13
               +---------+---------+-------+---------+---------+-------+---------

Table legend:
 A = Turns spent in this place as a percentage of turns spent in the entire game.
 B = Non-inter-level travel turns spent in this place as a percentage of non-inter-level travel turns spent in the entire game.
 C = Inter-level travel turns spent in this place as a percentage of turns spent in this place.
 D = Turns resting spent in this place as a percentage of non-inter-level travel turns spent in this place.
 E = Turns spent auto-exploring this place as a percentage of non-inter-level travel turns spent in this place.
 F = Non-inter-level travel turns spent in this place divided by the number of levels of this place that you've seen.
                   A       B       C       D       E      F
               +-------+-------+-------+-------+-------+----------------------
         Total | 100.0 | 100.0 |   0.0 |   0.0 |   0.0 | 285.6
       Dungeon | 100.0 | 100.0 |   0.0 |   0.0 |   0.0 | 285.6
               +-------+-------+-------+-------+-------+----------------------

Table legend:
 A = Kills in this place as a percentage of kills in entire the game.
 B = Kills by you in this place as a percentage of kills by you in the entire game.
 C = Kills by friends in this place as a percentage of kills by friends in the entire game.
 D = Other kills in this place as a percentage of other kills in the entire game.
 E = Experience gained in this place as a percentage of experience gained in the entire game.
 F = Experience gained in this place divided by the number of levels of this place that you have seen.
                   A       B       C       D       E      F
               +-------+-------+-------+-------+-------+----------------------
         Total | 100.0 | 100.0 | 100.0 |   N/A | 100.0 | 230.6
       Dungeon | 100.0 | 100.0 | 100.0 |   N/A | 100.0 | 230.6
               +-------+-------+-------+-------+-------+----------------------

Vault maps used:
D:1:      dpeg_arrival_stone_temple_mockup, serial_bayou_pond_a, st_stairs_6,
          grunt_decor_one_mirror
D:2:      chequers_ecumenical_altar_simple, grunt_ministairs_9, uniq_terence
D:3:      kennysheep_goblin_castle, uniq_crazy_yiuf_cottage
D:4:      minmay_temple_entry_large_hall, uniq_grinder
D:5:      grunt_gozag_statues, first_bread, serial_shops, shop
D:6:      uniq_blork_the_orc, uniq_menkaure, uniq_prince_ribbit1, uniq_eustachio
D:7:      the_bakery, fedhas_altar_fruit_tree
D:8:      uniq_maurice
D:9:      grunt_qazlal_sundering
